 Dungeon Crawl Stone Soup version 0.25-a0-1056-g2efb326896 (webtiles) character file.

Game seed: 13085244992813235906, levelgen mode: deterministic

0 Esekla the Skirmisher (level 1, -4/14 HPs)
             Began as a Formicid Abyssal Knight on May 13, 2020.
             Was a Follower of Lugonu.
             Killed from afar by a raiju (12 damage)
             ... with a living lightning
             ... on level 1 of the Abyss.
             The game lasted 00:01:06 (147 turns).

Esekla the Skirmisher (Formicid Abyssal Knight)      Turns: 147, Time: 00:01:07

Health: -4/14      AC:  1    Str: 16    XL:     1   Next: 0%
Magic:  2/2        EV: 11    Int: 11    God:    Lugonu [*.....]
Gold:   0          SH:  0    Dex: 10    Spells: 0/0 levels left

rFire    . . .     SeeInvis +   a - +1 falchion
rCold    . . .     Gourm    .   (no shield)
rNeg     . . .     Faith    .   b - +0 leather armour
rPois    .         Spirit   .   (helmet unavailable)
rElec    .         Reflect  .   (no cloak)
rCorr    .         Harm     .   (no gloves)
MR       .....                  (no boots)
Stlth    +.........             (no amulet)
HPRegen  0.04/turn              (no ring)
MPRegen  0.08/turn              (no ring)

@: no status effects
A: permanent stasis, dig shafts and tunnels, four strong arms, antennae 3,
[deformed body], [frail 2], [no potion heal 2]
a: Dig, Shaft Self, Depart the Abyss, Renounce Religion


You were on level 1 of the Abyss.
You worshipped Lugonu.
Lugonu was aware of your devotion.
You were not hungry.

You visited 0 branches of the dungeon, and saw 0 of its levels.
You visited the Abyss 1 time.

Inventory:

Hand Weapons
 a - a +1 falchion (weapon)
Armour
 b - a +0 leather armour (worn)
Scrolls
 d - 2 scrolls of identify {unknown}
 e - a scroll of enchant armour {unknown}
Potions
 f - a potion of ambrosia {unknown}
Comestibles
 c - a ration


   Skills:
 + Level 3.2 Fighting
 + Level 2.0 Long Blades
 + Level 2.1 Armour
 + Level 0.8 Dodging
 + Level 2.1 Invocations


You couldn't memorise any spells.
You didn't know any spells.
Your spell library was empty.

Dungeon Overview and Level Annotations

Branches:
Dungeon (0/15)

Altars:


Innate Abilities, Weirdness & Mutations

You cannot be hasted, slowed, berserked, paralysed or teleported.
You can dig through walls and to a lower floor.
Your four strong arms can wield two-handed weapons with a shield.
You have a pair of large antennae on your head. (SInv)
[Armour fits poorly on your strangely shaped body.]
[You are very frail. (-20% HP)]
[Potions are poor at restoring your health.]


Message History

You feel frail. x2
The wretched star pulses with an eldritch light!
Your system partially rejects the healing effects of potions.
Your system mostly rejects the healing effects of potions.
The rakshasa weaves an illusion.
Found 15 arrows.
A small abomination comes into view.
An orb spider comes into view.
The orb spider hisses angrily.
A raiju comes into view.
The raiju barks!
The raiju stops to sniff the ground.
The raiju bursts into living lightning!
The living lightning hits you.
The raiju blinks!
The orb spider spins a strand of pure energy.
The raiju barely misses you.
The raiju bursts into living lightning!
The living lightning hits you!
Ouch! That really hurt!
You die...

#.s.# #...### ..
#2## ##.## #.# ##
..###...###...
.#.....#.....#...
.................
..#.....#.....#.
.## ... ##...## #
##.## ##.## #...
#@.h# #...
#.....# . ...
........... .#.
...#.....#...
#...###...###...
##.# ##.## #.#
#.. ... .. .. ..


You could see a raiju.

Vanquished Creatures (others)
  2 starspawn tentacles (Abyss:1)
2 creatures vanquished.

Notes
Turn   | Place    | Note
-------+----------+-------------------------------------------
     0 | Abyss:1  | Esekla the Formicid Abyssal Knight began the quest for the
                  | Orb.
     0 | Abyss:1  | Reached XP level 1. HP: 18/18 MP: 2/2
    51 | Abyss:1  | Found a sacrificial altar of Ru.
    74 | Abyss:1  | Found a sacrificial altar of Ru.
   106 | Abyss:1  | Noticed a rakshasa
   121 | Abyss:1  | Noticed a wretched star
   125 | Abyss:1  | Noticed an iron imp
   125 | Abyss:1  | Noticed a tentacled starspawn
   127 | Abyss:1  | Noticed a shadow demon
   131 | Abyss:1  | Noticed a small abomination
   132 | Abyss:1  | Noticed a small abomination
   133 | Abyss:1  | Noticed a small abomination
   136 | Abyss:1  | Noticed an orb spider
   139 | Abyss:1  | Noticed a raiju
   147 | Abyss:1  | Killed from afar by a raiju

Illustrated notes

Levels and vault maps discovered:
Abyss:1:  hangedman_abyss_or_decor_slice

Action                   || total
-------------------------++-------
Dodge: Dodged            ||     1

Table legend:
 A = Non-vault XP
 B = Vault XP
 C = Vault XP percentage of total XP
 D = Non-vault monster count
 E = Vault monster count
 F = Vault count percentage of total count
                 A         B        C        D         E       F
            +---------+---------+-------+---------+---------+-------
      Total |       0 |       0 |   N/A |       0 |       0 |  -nan
            +---------+---------+-------+---------+---------+-------
            +---------+---------+-------+---------+---------+-------
